 Dungeon Crawl Stone Soup version 0.30.0-17-ge0270778cf (webtiles) character file.

Game seed: 8174416050513968141

56 MacCMillion the Poker (level 3, 0/27 HPs)
             Began as a Demonspawn Gladiator on May 22, 2023.
             Constricted to death by Ijyb (5 damage)
             ... on level 3 of the Dungeon.
             The game lasted 00:02:32 (1833 turns).

MacCMillion the Poker (Demonspawn Gladiator)        Turns: 1833, Time: 00:02:33

Health: 0/27       AC:  4    Str: 16    XL:     3   Next: 71%
Magic:  3/3        EV:  9    Int:  9    God:
Gold:   144        SH:  0    Dex: 14    Spells: 2/2 levels left

rFire   . . .        a - +0 trident
rCold   . . .        (no shield)
rNeg    . . .        b - +0 leather armour
rPois   .            c - +0 helmet
rElec   .            (no cloak)
rCorr   .            (no gloves)
SInv    .            (no boots)
Will    .....        (no amulet)
Stlth   +            (no ring)
HPRegen 0.24/turn    (no ring)
MPRegen 0.08/turn

%: no passive effects
@: grasped by roots, constricted
A: hooves 1
a: no special abilities


You were on level 3 of the Dungeon.
You visited 1 branch of the dungeon, and saw 3 of its levels.

You collected 144 gold pieces.

Inventory:

Hand Weapons
 a - a +0 trident (weapon)
Missiles
 d - 3 throwing nets (quivered)
 e - a javelin
 p - 6 datura-tipped darts
 q - 7 poisoned darts
Armour
 b - a +0 leather armour (worn)
 c - a +0 helmet (worn)
Scrolls
 f - 2 scrolls of poison {unknown}
 g - 2 scrolls of magic mapping {unknown}
 h - 3 scrolls of fear {unknown}
 i - a scroll of fog {unknown}
 j - a scroll of vulnerability {unknown}
 l - a scroll of acquirement {unknown}
 m - a scroll of brand weapon {unknown}
 n - a scroll of identify {unknown}
Potions
 k - a potion of haste {unknown}
 o - 3 potions of curing {unknown}


   Skills:
 - Level 2.0 Fighting
 + Level 4.3 Polearms
 - Level 1.7 Throwing
 - Level 2.6 Dodging


You had 2 spell levels left.
You didn't know any spells.
Your spell library contained the following spells:

 Spells                   Type           Power      Damage    Failure   Level
 Portal Projectile        Hex/Tloc       0%         N/A       83%         3
 Tukima's Dance           Hex            0%         N/A       83%         3
 Blade Hands              Tmut           0%         N/A       100%        5


Dungeon Overview and Level Annotations

Branches:
Dungeon (3/15)

Altars:

Annotations:
D:3 Ijyb


Innate Abilities, Weirdness & Mutations

You have large cloven feet.


Message History

Ijyb the Twisted Goblin comes into view.
She is wielding a +0 club and carrying a wand of roots (11).
Ijyb shouts!
Ijyb is nearby!
Ijyb zaps a wand.
The roots erupt in riotous growth!
The grasping roots grab you! The grasping roots constrict you.
The roots grasp on you weakens, but your attempt to escape fails.
The grasping roots constrict you.
You escape the roots grasp.
You reach to attack!
You hit Ijyb.
Ijyb is lightly wounded.
You hit Ijyb.
Ijyb is lightly wounded.
Ijyb misses you.
You hit Ijyb. You kick Ijyb, but do no damage.
Ijyb is heavily wounded.
Ijyb hits you with a +0 club.
You hit Ijyb but do no damage.
Ijyb is heavily wounded.
Ijyb zaps a wand.
The roots erupt in riotous growth!
The grasping roots grab you!
Ijyb is unaffected.
The grasping roots constrict you!
You are too injured to fight recklessly!
You are too injured to fight recklessly!
You are too injured to fight recklessly!
You are too injured to fight recklessly!
You barely miss Ijyb. You kick Ijyb, but do no damage.
Ijyb is heavily wounded.
Ijyb barely misses you. The grasping roots constrict you.
* * * LOW HITPOINT WARNING * * *
You puncture Ijyb!
Ijyb is severely wounded.
Ijyb closely misses you. The grasping roots constrict you.
* * * LOW HITPOINT WARNING * * *
You closely miss Ijyb. You kick Ijyb.
Ijyb is severely wounded.
Ijyb hits you with a +0 club.
* * * LOW HITPOINT WARNING * * *
The grasping roots constrict you.
You die...

### ..# #.#
#.###########
............############
#.########......@g.....#
#.# #..##########.# ..#
#..# ### #..# #..#
###### #..# ...|.# #..#
####.# #..# #.# #..#


You could see Ijyb.

Vanquished Creatures
  A gnoll (D:1)
  An orc (D:3)
  3 ball pythons
  5 bats
  2 endoplasms (D:1)
  2 giant cockroaches (D:3)
  4 goblins
  4 hobgoblins
  2 jackals (D:2)
  2 quokkas
  3 frilled lizards
  7 kobolds
  6 rats
42 creatures vanquished.

Notes
Turn   | Place    | Note
-------+----------+-------------------------------------------
     0 | D:1      | MacCMillion the Demonspawn Gladiator began the quest for
                  | the Orb.
     0 | D:1      | Reached XP level 1. HP: 16/16 MP: 1/1
    81 | D:1      | Reached skill level 3 in Polearms
   169 | D:1      | Gained mutation: You have large cloven feet. [demonic
                  | ancestry]
   169 | D:1      | Reached XP level 2. HP: 22/22 MP: 2/2
   623 | D:2      | Reached XP level 3. HP: 27/27 MP: 3/3
  1125 | D:2      | Reached skill level 4 in Polearms
  1823 | D:3      | Noticed Ijyb
  1833 | D:3      | Constricted to death by Ijyb

Illustrated notes

Levels and vault maps discovered:
D:1:      dpeg_arrival_yet_another_circle, layout_rooms,
          chequers_decorated_corner, minmay_misc_feat_nine_boxes
D:2:      layout_basic
D:3:      layout_loops_ring, lexackson_kobold_supper, uniq_ijyb

Skill      XL: |  1  2  3 |
---------------+----------+-----
Polearms       | 3 4 |  4.3
Fighting       | |  2.0
Throwing       | |  1.7
Dodging        | |  2.6

Action                     || total
---------------------------++-------
  Melee: Trident           ||   116
         Kick              ||    22
         Punch             ||     1
   Stab: Sleeping          ||     4
 Armour: Leather armour    ||    16
  Dodge: Dodged            ||    59
